 Dungeon Crawl Stone Soup version 0.20-a0-1026-gc3ddcbd (webtiles) character file.

1342 Rrauwl the Fighter (level 8, -9/68 HPs)
             Began as a Gnoll Warper on Apr 20, 2017.
             Was a Priest of Zin.
             Mangled by an ice beast (12 damage)
             ... on level 5 of the Dungeon.
             The game lasted 00:23:52 (6692 turns).

Rrauwl the Fighter (Gnoll Warper)                   Turns: 6692, Time: 00:23:53

Health: -9/68      AC:  4    Str: 10    XL:     8   Next: 62%
Magic:  0/14       EV: 13    Int: 15    God:    Zin [***...]
Gold:   212        SH:  0    Dex: 14    Spells: 7/13 levels left

rFire    + . .     SeeInvis .   a - +0 spear
rCold    . . .     Gourm    .   (no shield)
rNeg     . . .     Faith    .   b - +0 leather armour
rPois    .         Spirit   +   (no helmet)
rElec    .         Reflect  .   p - +0 cloak
rCorr    .         Harm     .   (no gloves)
MR       .....                  (no boots)
Stlth    +.........             k - amulet of guardian spirit
Regen    0.3/turn               (no ring)
MPRegen  0.2/turn               (no ring)

@: no status effects
A: short attention span, fangs 1, fire resistance 1, strong nose
a: Recite, Vitalisation, Imprison, Donate Gold, Renounce Religion


You were on level 5 of the Dungeon.
You worshipped Zin.
Zin was most pleased with you.
You were not hungry.

You visited 1 branch of the dungeon, and saw 5 of its levels.

You collected 235 gold pieces.
You donated 23 gold pieces to Zin.

Inventory:

Hand Weapons
 a - a +0 spear (weapon)
Missiles
 e - 5 tomahawks of dispersal (quivered)
Armour
 b - a +0 leather armour (worn)
 p - a +0 cloak (worn)
Jewellery
 k - an amulet of guardian spirit (around neck)
 v - an uncursed ring of fire
Wands
 q - a wand of scattershot (8/9)
Scrolls
 d - 3 scrolls of blinking
 h - a scroll of recharging
 i - 4 scrolls of identify
 m - 2 scrolls of teleportation
 o - 2 scrolls of remove curse
 r - a scroll of immolation
 s - a scroll of magic mapping
Potions
 j - a potion of heal wounds
 l - 2 potions of mutation
 n - 3 potions of curing
 t - a potion of ambrosia
 u - 2 potions of cancellation
Books
 c - a book of Spatial Translocations

   Spells                             Type                      Level
   a - Blink                          Translocation                2
   b - Shroud of Golubria             Charms/Translocation         2
   c - Lesser Beckoning               Translocation                3
   d - Gell's Gravitas                Translocation                3
   e - Teleport Other                 Translocation                3
   f - Passage of Golubria            Translocation                4
Comestibles
 f - 2 chunks of flesh
 g - 4 meat rations


   Skills:
 - Level 8.2 Fighting
 - Level 8.1 Polearms
 - Level 1.5 Throwing
 - Level 1.5 Armour
 + Level 3.5 Dodging
 - Level 3.2 Spellcasting
 - Level 4.4 Translocations
 - Level 8.1 Evocations


You had 7 spell levels left.
You knew the following spells:

 Your Spells              Type           Power        Failure   Level  Hunger
a - Blink                 Tloc           N/A          6%          2    ##.....
b - Passage of Golubria   Tloc           N/A          38%         4    #####..


Dungeon Overview and Level Annotations

Branches:
Dungeon (5/15)
 Temple: D:4-7

Altars:
Cheibriados
Okawaru
Zin

Annotations:
D:5 Prince Ribbit


Innate Abilities, Weirdness & Mutations

You have a short attention span.
You have very sharp teeth.
Your uncanny sense of smell can sniff out nearby items.
Your flesh is heat resistant. (rF+)


Message History

The ice beast completely misses you.
You hit the ice beast. Your bite misses the ice beast.
The ice beast is severely wounded.
You hit the ice beast.
The ice beast is severely wounded.
The ice beast hits you but does no damage.
You hit the ice beast but do no damage.
The ice beast is severely wounded.
The ice beast hits you.
* * * LOW HITPOINT WARNING * * *
The ice beast freezes you!
* * * LOW HITPOINT WARNING * * *
You closely miss the ice beast. Your bite misses the ice beast.
The ice beast is severely wounded.
You hit the ice beast but do no damage.
The ice beast is severely wounded.
The ice beast hits you.
* * * LOW HITPOINT WARNING * * *
The ice beast freezes you!
You die...

...# #...####...####............
...## ##............#####........
#...## #..........### ##.......
##...###..######..# ##.....(..
.##....###### #..# ##..##.....
............#####.# ##..####....
#.............# #.# ##..## ##...
###...........###.###..## ####
##...........###@..#..##
.............#.Y..#..##
..............#####..## #####
............### #...####...##
............# ##..........###
........####### #..........##.
........#..8..# ##..........#..
........#.8_8.# ###..........##..
........#..8..###....###########.


You could see an ice beast.

Vanquished Creatures
  Pikel (D:5)
  An ice beast (D:5)
  4 slaves (D:5)
  2 ogres (D:4)
  A centaur (D:5)
  2 howler monkeys (D:4)
  A hound (D:5)
  A jelly (D:5)
  A gnoll shaman (D:4)
  A bullfrog skeleton (D:5)
  Ijyb (D:4)
  Natasha (twice) (D:4)
  2 worker ants (D:4)
  3 gnolls (D:4)
  10 adders
  2 oozes
  An adder zombie (D:5)
  A worm (D:2)
  3 dart slugs
  3 leopard geckos
  8 orcs
  7 bats
  2 giant cockroaches
  7 goblins
  12 hobgoblins
  12 jackals
  2 quokkas
  A ball python (D:2)
  5 frilled lizards
  7 kobolds
  A leopard gecko skeleton (D:5)
  5 rats
112 creatures vanquished.

Notes
Turn   | Place    | Note
-------+----------+-------------------------------------------
     0 | D:1      | Rrauwl the Gnoll Warper began the quest for the Orb.
     0 | D:1      | Reached XP level 1. HP: 18/18 MP: 4/4
   171 | D:1      | Reached XP level 2. HP: 24/24 MP: 6/6
   443 | D:1      | Reached XP level 3. HP: 26/29 MP: 7/7
   446 | D:1      | Reached skill level 5 in Polearms
  1359 | D:2      | You fall through a shaft!
  1368 | D:3      | Reached XP level 4. HP: 23/35 MP: 5/8
  1651 | D:2      | Found a faded altar of an unknown god.
  1706 | D:2      | Became a worshipper of Zin the Law-Giver
  1706 | D:2      | Reached * piety under Zin
  1718 | D:2      | Reached ** piety under Zin
  1767 | D:2      | Found a snail-covered altar of Cheibriados.
  2923 | D:3      | Reached XP level 5. HP: 36/41 MP: 7/9
  3137 | D:4      | Noticed an ogre
  3154 | D:4      | Killed an ogre
  3218 | D:4      | Learned a level 2 spell: Blink
  3223 | D:4      | Learned a level 4 spell: Passage of Golubria
  3338 | D:4      | Reached XP level 6. HP: 34/48 MP: 7/10
  3496 | D:4      | Reached skill level 5 in Fighting
  3500 | D:4      | Noticed Natasha
  3511 | D:4      | Killed Natasha
  3553 | D:4      | Noticed Natasha
  3568 | D:4      | Killed Natasha
  3752 | D:4      | Gained mutation: Your flesh is heat resistant. (rF+) [potion of mutation]
  3861 | D:4      | Noticed Ijyb
  3902 | D:4      | Killed Ijyb
  4063 | D:4      | Reached XP level 7. HP: 46/59 MP: 8/11
  4845 | D:5      | Entered Level 5 of the Dungeon
  5558 | D:5      | Noticed Pikel
  5586 | D:5      | Killed Pikel
  5586 | D:5      | Reached XP level 8. HP: 50/68 MP: 8/13
  5623 | D:5      | Reached *** piety under Zin
  5728 | D:5      | Noticed Prince Ribbit
  6145 | D:5      | Found an iron altar of Okawaru.
  6692 | D:5      | HP: 3/68 [ice beast (1)]
  6692 | D:5      | Mangled by an ice beast

Vault maps used:
D:1:      roderic_chinese_lattice_arrival
D:2:      cheibriados_altar_1, chequers_ecumenical_altar_simple_redux
D:3:      roderic_lattice_a
D:4:      first_bread, uniq_natasha, uniq_ijyb
D:5:      nrook_mini_vaults, kennysheep_okawaru_gauntlet, uniq_prince_ribbit1,
          uniq_pikel

Skill      XL: |  1  2  3  4  5  6  7  8 |
---------------+-------------------------+-----
Polearms       | 4 6 7 8 |  8.1
Fighting       | 4 6 8 |  8.2
Evocations     | 7 8 |  8.1
Throwing       | |  1.5
Armour         | |  1.5
Dodging        | |  3.5
Spellcasting   | |  3.2
Translocations | |  4.4

Action                   |  1- 3 |  4- 6 |  7- 9 || total
-------------------------+-------+-------+-------++-------
Melee: Spear             |   135 |   318 |   352 ||   805
       Bite              |     5 |    24 |    38 ||    67
 Cast: Blink             |       |     1 |       ||     1
Invok: Recite            |       |     1 |     1 ||     2
Evoke: Wand              |       |       |     1 ||     1
  Use: Potion            |       |     6 |     3 ||     9
       Scroll            |       |     6 |     3 ||     9
 Stab: Sleeping          |     3 |     1 |       ||     4
       Distracted        |       |       |     1 ||     1
  Eat: Chunk             |     2 |     5 |       ||     7
       Bread ration      |       |     1 |     2 ||     3
Armor: Leather armour    |    11 |    32 |    41 ||    84
Dodge: Dodged            |    46 |   116 |   145 ||   307
